 Dungeon Crawl Stone Soup version 0.26-a0-639-g72c4674329 (webtiles) character file.

Game seed: 13848089076821992807

(classic levelgen) 128670 EnegeticOcto the Champion of Chaos (level 16, -4/150 HPs)
             Began as a Deep Dwarf Fighter on Sept 28, 2020.
             Was the Champion of Makhleb.
             Slain by an emperor scorpion (10 damage)
             ... on level 4 of the Spider Nest.
             The game lasted 00:13:01 (12503 turns).

EnegeticOcto the Champion of Chaos (DDFi)          Turns: 12503, Time: 00:13:01

Health: -4/150     AC: 27    Str: 24 (27) XL:     16   Next: 19%
Magic:  0/7        EV: 10    Int:  5 (9)  God:    Makhleb [******]
Gold:   1181       SH: 18    Dex:  7 (12) Spells: 15/15 levels left

rFire    . . .     SeeInvis .   a - +1 broad axe (flame)
rCold    . . .     Faith    .   c - +0 kite shield
rNeg     + . .     Spirit   .   G - +0 swamp dragon scales
rPois    +         Reflect  +   D - +2 helmet
rElec    .         Harm     .   i - +0 cloak
rCorr    +         Rampage  .   q - +2 pair of gloves
MR       ++...                  K - +2 pair of boots
Stlth    ..........             s - amulet of reflection
HPRegen  0.00/turn              C - +4 ring of protection
MPRegen  0.10/turn              w - ring of resist corrosion

@: mighty, lethally poisoned (-4 -> -38), non-regenerating
A: damage resistance, heal wounds, negative energy resistance 1, sense
surroundings 2, no regeneration
}: 1/15 runes: decaying
a: Heal Wounds, Minor Destruction, Lesser Servant of Makhleb, Major Destruction,
Greater Servant of Makhleb, Renounce Religion


You were on level 4 of the Spider Nest.
You worshipped Makhleb.
Makhleb was exalted by your worship.
You visited 6 branches of the dungeon, and saw 27 of its levels.
You also visited: Volcano.

You collected 2007 gold pieces.
You spent 826 gold pieces at shops.

Inventory:

Hand Weapons
 a - a +1 broad axe of flaming (weapon)
Armour
 c - a +0 kite shield (worn)
 i - a +0 cloak (worn)
 q - a +2 pair of gloves (worn)
 t - a +0 plate armour
 D - a +2 helmet (worn)
 G - +0 swamp dragon scales (worn)
 K - a +2 pair of boots (worn)
 M - a +1 plate armour of fire resistance
Jewellery
 h - an uncursed ring of protection from fire
 s - an amulet of reflection (around neck)
 w - a ring of resist corrosion (right hand)
 C - a +4 ring of protection (left hand)
 N - a cursed ring of protection from magic
 Q - the ring "Quonn" {rF+ rCorr Str-5 Int+4 SInv}
   (You found it on level 4 of the Spider Nest)

   [ring of resist corrosion]

   It affects your strength (-5).
   It affects your intelligence (+4).
   It protects you from fire.
   It lets you see invisible.
   It provides partial protection from all sources of acid and corrosion.
Wands
 b - a wand of acid (6) {@v1}
 p - a wand of paralysis (19)
 A - a wand of polymorph (23)
 J - a wand of iceblast (2) {@v2}
Scrolls
 e - 13 scrolls of teleportation {@r3}
 f - 6 scrolls of magic mapping {@r5}
 n - 3 scrolls of blinking
 x - 4 scrolls of identify {@r1}
 y - 3 scrolls of fog
 B - 3 scrolls of immolation {@r4}
 E - 3 scrolls of remove curse {@r2}
 F - a scroll of summoning
 I - a scroll of holy word
 O - a scroll of fear
 P - a scroll of enchant weapon
Potions
 d - 2 potions of ambrosia
 g - a potion of cancellation
 j - 3 potions of haste {@q4}
 k - 4 potions of lignification {@q7}
 l - 2 potions of heal wounds {@q2}
 m - 4 potions of berserk rage
 o - a potion of mutation
 r - 3 potions of magic
 u - 2 potions of invisibility
 v - 5 potions of stabbing {@q5}
 z - 4 potions of curing {@q1}
 H - a potion of flight


   Skills:
 + Level 11.2 Fighting
 * Level 17.0 Axes
 + Level 12.9 Armour
 + Level 13.0 Shields
 * Level 17.8 Invocations


You had 15 spell levels left.
You didn't know any spells.
Your spell library was empty.

Dungeon Overview and Level Annotations

Branches:
Dungeon (12/15)            Temple (1/1) D:6            Lair (4/6) D:8
  Swamp (4/4) Lair:4       Spider (4/4) Lair:3          Orc (2/2) D:11
    Elf (0/3) Orc:2       Volcano (visited)

Altars:
Ashenzari
Cheibriados
Dithmenos
Elyvilon
Fedhas
Gozag
Hepliaklqana
Kikubaaqudgha
Makhleb
Nemelex Xobeh
Okawaru
Qazlal
Ru
Sif Muna
Trog
Uskayaw
Vehumet
Wu Jian
Xom
Yredelemnul
Zin
The Shining One
Jiyva

Shops:
D:4 *   D:6 (   D:11 ?   Orc:2 :*?*!

Annotations:
D:5 exclusion: 2 goblins
D:10 exclusion: 2 orange crystal statues
Lair:4 exclusion: oklob plant


Innate Abilities, Weirdness & Mutations

You are resistant to damage.
You can heal yourself by infusing magical energy.
You resist negative energy. (rN+)
You passively map the area around you.
You do not regenerate.


Message History

The emperor scorpion claws you.
You block the emperor scorpion's attack.
You closely miss the emperor scorpion.
The emperor scorpion is moderately wounded.
You hit the emperor scorpion. You burn the emperor scorpion.
You are engulfed in blazing flames.
The moth of wrath is engulfed in blazing flames.
Flame seeps out of the moth of wrath.
The emperor scorpion stings you!!
You block the emperor scorpion's attack.
The emperor scorpion barely misses you.
You block the emperor scorpion's attack.
The emperor scorpion misses you.
The emperor scorpion claws you but does no damage.
You hit the emperor scorpion but do no damage.
The emperor scorpion is moderately wounded.
You hit the emperor scorpion but do no damage.
You are engulfed in blazing flames.
You feel you are being watched by something.
You feel your power leaking away.
The moth of wrath goads the emperor scorpion on!
The emperor scorpion goes berserk!
You closely miss the emperor scorpion.
The emperor scorpion is moderately wounded.
You slash the emperor scorpion! You burn the emperor scorpion.
You are engulfed in blazing flames.
You block the emperor scorpion's attack. x3
The emperor scorpion completely misses you.
The emperor scorpion claws you but does no damage.
The emperor scorpion barely misses you. The emperor scorpion stings you!
You are poisoned.
The emperor scorpion poisons you!
The emperor scorpion closely misses you.
The emperor scorpion completely misses you.
You miss the emperor scorpion.
The emperor scorpion is moderately wounded.
You slash the emperor scorpion! You burn the emperor scorpion.
You are engulfed in blazing flames.
You feel very sick. The emperor scorpion barely misses you.
You block the emperor scorpion's attack. x3
The emperor scorpion claws you but does no damage.
The emperor scorpion claws you!
You hit the emperor scorpion.
Flame seeps out of the emperor scorpion.
You burn the emperor scorpion.
Flame seeps out of the emperor scorpion.
The emperor scorpion is moderately wounded.
You hit the emperor scorpion but do no damage.
You are engulfed in blazing flames.
You feel very sick.
The emperor scorpion is engulfed in blazing flames.
Flame seeps out of the emperor scorpion.
You block the emperor scorpion's attack. x3
The emperor scorpion stings you!
You are more poisoned.
The emperor scorpion poisons you!
The emperor scorpion claws you but does no damage.
You block the emperor scorpion's attack.
You are too injured to fight recklessly!
You are too injured to fight recklessly!
You are too injured to fight recklessly!
You are too injured to fight recklessly!
You feel much better.
You are engulfed in blazing flames.
You feel very sick. The emperor scorpion stings you!!
You block the emperor scorpion's attack.
The emperor scorpion claws you!
The moth of wrath goads the emperor scorpion on!
The emperor scorpion goes berserk!
The emperor scorpion stings you!
The emperor scorpion claws you but does no damage. x2
You feel much better.
You are engulfed in blazing flames.
You feel very sick.
The emperor scorpion is engulfed in blazing flames.
Flame seeps out of the emperor scorpion.
You block the emperor scorpion's attack.
The emperor scorpion claws you. The emperor scorpion claws you!
You block the emperor scorpion's attack.
The emperor scorpion claws you.
The emperor scorpion claws you but does no damage.
The emperor scorpion is engulfed in blazing flames.
Flame seeps out of the emperor scorpion.
The emperor scorpion stings you!
* * * LOW HITPOINT WARNING * * *
The emperor scorpion claws you but does no damage. x2
A demon appears!
You are engulfed in blazing flames.
* * * LOW HITPOINT WARNING * * *
x2 You feel very sick.
You block the emperor scorpion's attack. x2
The emperor scorpion claws you but does no damage.
The hornet is engulfed in blazing flames.
Flame seeps out of the hornet.
The emperor scorpion is engulfed in blazing flames.
Flame seeps out of the emperor scorpion.
The emperor scorpion stings you but does no damage.
The emperor scorpion claws you!
* * * LOW HITPOINT WARNING * * *
The emperor scorpion claws you but does no damage.
You block the emperor scorpion's attack.
The emperor scorpion claws you!
You die...

#†.†.≈# ###≈..≈####
##≈.≈≈## #≈...## #.
#≈.≈### #..≈≈## #.
#..##*
#+##≈.≈##.###^
#≈.≈#
.^##...##..''.
###^.≈#*
^..##≈..≈≈†.''.
#≈≈.#####ys
*##≈...†.''.
#≈..##2.s#,,
*#.....###.
#....≈○@s#
,*#≈...≈## #.
##^.≈.≈##○{.##≈..≈#
#. #.†####
,(.##≈.##* ## ##^##
, .##≈. #..## *
###≈ ** * #..≈###
#####
#≈†.^^###...## *#
##≈...≈##.≈≈.#* ,.#
#≈≈≈....##≈≈.#* .≈#


You could see 3 emperor scorpions, a moth of wrath (inner flame) and a friendly
balrug (summoned).

Vanquished Creatures
  Jorgrun (Spider:1)
  A thorn hunter (Swamp:4)
  A ghost moth (Spider:4)
  An orc warlord (Orc:2)
  4 entropy weavers
  Azrael (Spider:1)
  The ghost of donkeybrains the Blocker, a journeyman MiFi of Okawaru (Lair:3)
  A death ooze (Lair:3)
  14 hydras
  2 centaur warriors
  A catoblepas (Lair:4)
  A shambling mangrove (Swamp:4)
  A ghost crab (Swamp:3)
  2 ogre magi (Orc:2)
  10 two-headed ogres
  9 alligators
  A spriggan berserker (Swamp:4)
  A hell knight (Volcano)
  A salamander mystic (Volcano)
  2 deep trolls (Orc:2)
  A spriggan druid (Swamp:3)
  6 swamp dragons
  Pikel (D:7)
  An orc knight (Orc:2)
  7 orb spiders
  An ugly thing (D:9)
  3 salamanders (Volcano)
  11 wolf spiders
  An orc sorcerer (Orc:1)
  3 cyclopes
  A centaur zombie (D:12)
  A manticore (D:11)
  9 cane toads
  4 elephants (Lair:3)
  2 black mambas
  2 torpor snails (Spider:1)
  2 rime drakes
  3 demonic crawlers
  An efreet (D:9)
  4 komodo dragons
  10 trolls
  A queen bee (Orc:1)
  21 jumping spiders
  8 hornets
  A polar bear (Lair:4)
  Prince Ribbit (D:6)
  8 blink frogs
  5 tyrant leeches
  18 slime creatures
  6 bog bodies
  8 hippogriffs
  A shadow (Swamp:3)
  A wraith (D:10)
  A spriggan (Swamp:3)
  15 tarantellas
  26 yaks
  A wyvern (D:9)
  49 redbacks
  2 fire elementals (Spider:1)
  2 basilisks
  2 steam dragons (D:8)
  19 vampire mosquitoes
  3 wargs (Orc:2)
  12 insubstantial wisps
  6 swamp worms
  5 water moccasins
  4 hell hounds (Spider:1)
  7 porcupines
  7 swamp drakes
  14 orc warriors
  5 sky beasts
  3 black bears
  A necrophage (D:11)
  An ice beast (D:12)
  25 ogres
  An eye of draining (D:10)
  2 phantoms
  3 centaurs
  4 lemures (D:7)
  6 crocodiles
  10 bullfrogs
  A wyvern zombie (D:10)
  A water moccasin zombie (D:6)
  5 scorpions
  26 killer bees
  2 howler monkeys
  7 wights
  2 quasits (D:9)
  4 hounds
  6 jellies
  12 orc wizards
  9 orc priests
  8 iguanas
  9 worker ants
  A killer bee zombie (D:9)
  14 adders
  A howler monkey skeleton (D:7)
  A shadow imp (D:6)
  4 white imps
  3 ufetubi
  2 adder skeletons
  3 worms
  5 leopard geckos
  53 orcs
  9 giant cockroaches
  4 hobgoblins
  3 jackals (D:9)
  5 quokkas
  2 bats
  A goblin (D:3)
  A kobold (D:1)
  A quokka skeleton (D:9)
  A quokka zombie (D:7)
  3 rats
  5 briar patches (Swamp:4)
659 creatures vanquished.

Vanquished Creatures (collateral kills)
  An emperor scorpion (Spider:4)
  2 swamp dragons (Swamp:4)
  An orb spider (Spider:4)
  5 wolf spiders (Spider:4)
  5 jumping spiders (Spider:4)
  6 redbacks
  2 tarantellas
  A swamp drake (Swamp:4)
  A bullfrog (D:8)
  An electric eel (Spider:4)
  A hound (D:8)
26 creatures vanquished.

Vanquished Creatures (others)
  A tyrant leech (Swamp:2)
  A spriggan (Swamp:3)
  A redback (Spider:1)
  A vampire mosquito (Swamp:1)
  2 swamp worms
  25 fungi
  42 plants
73 creatures vanquished.

Grand Total: 758 creatures vanquished

Notes
Turn   | Place    | Note
-------+----------+-------------------------------------------
     0 | D:1      | EnegeticOcto the Deep Dwarf Fighter began the quest for the
                  | Orb.
     0 | D:1      | Reached XP level 1. HP: 20/20 MP: 1/1
   157 | D:2      | Reached XP level 2. HP: 25/27 MP: 2/2
   195 | D:2      | Reached XP level 3. HP: 24/33 MP: 3/3
   247 | D:3      | Found a glowing golden altar of the Shining One.
   506 | D:4      | Noticed an ogre
   521 | D:4      | Killed an ogre
   521 | D:4      | Reached XP level 4. HP: 42/42 MP: 4/4
   521 | D:4      | Reached XP level 5. HP: 49/49 MP: 5/5
   626 | D:4      | Noticed a sky beast
   644 | D:4      | Killed a sky beast
   704 | D:4      | Noticed a phantom
   742 | D:4      | Killed a phantom
   742 | D:4      | Reached XP level 6. HP: 39/57 MP: 6/6
   746 | D:4      | Reached skill level 5 in Axes
   749 | D:4      | Found Leissis's Mayhem Merchandise.
   772 | D:4      | Bought a +0 broad axe for 56 gold pieces
   849 | D:4      | Reached XP level 7. HP: 38/64 MP: 5/5
  1138 | D:4      | Found a sacrificial altar of Ru.
  1181 | D:4      | Reached skill level 5 in Armour
  1181 | D:4      | Reached skill level 5 in Shields
  1250 | D:5      | Entered Level 5 of the Dungeon
  1596 | D:5      | Found an iron altar of Okawaru.
  2031 | D:6      | Found a snail-covered altar of Cheibriados.
  2170 | D:6      | Noticed Prince Ribbit
  2190 | D:6      | Reached XP level 8. HP: 73/73 MP: 6/6
  2243 | D:6      | Killed Prince Ribbit
  2329 | D:6      | Reached skill level 5 in Fighting
  2385 | D:6      | Found a staircase to the Ecumenical Temple.
  2454 | D:6      | Found Buihaq's Weapon Shop.
  2515 | Temple   | Entered the Ecumenical Temple
  2676 | Temple   | Became a worshipper of Makhleb the Destroyer
  2793 | D:7      | Found a shimmering altar of Xom.
  2793 | D:7      | Found a shimmering altar of Xom.
  2798 | D:7      | Found a shimmering altar of Xom.
  2798 | D:7      | Found a shimmering altar of Xom.
  2799 | D:7      | Found a shimmering altar of Xom.
  2800 | D:7      | Found a shimmering altar of Xom.
  2996 | D:7      | Noticed Pikel
  3033 | D:7      | Killed Pikel
  3033 | D:7      | Gained mutation: You passively map the area around you.
                  | [Deep Dwarf growth]
  3033 | D:7      | Reached XP level 9. HP: 35/81 MP: 2/2
  3104 | D:7      | Found an opulent altar of Gozag.
  3143 | D:7      | Noticed a manticore
  3187 | D:7      | Noticed a troll
  3188 | D:7      | Noticed a wind drake
  3286 | D:7      | Found a sparkling altar of Nemelex Xobeh.
  3733 | D:8      | Reached skill level 1 in Invocations
  3969 | D:8      | Reached * piety under Makhleb
  4148 | D:8      | Found a staircase to the Lair.
  4509 | D:8      | Reached skill level 5 in Invocations
  4612 | D:9      | Reached XP level 10. HP: 62/91 MP: 3/3
  4702 | D:9      | Reached skill level 10 in Axes
  4756 | D:9      | Noticed a centaur warrior
  4761 | D:9      | Noticed a purple ugly thing
  4776 | D:9      | Killed a centaur warrior
  4795 | D:9      | Killed a purple ugly thing
  4807 | D:9      | Reached ** piety under Makhleb
  4917 | D:9      | Found a blossoming altar of Fedhas.
  4918 | D:9      | Found an ancient bone altar of Kikubaaqudgha.
  5035 | D:10     | Entered Level 10 of the Dungeon
  5085 | D:10     | Noticed a centaur warrior
  5091 | D:10     | Killed a centaur warrior
  5144 | D:10     | Noticed an orange crystal statue
  5144 | D:10     | Noticed an orange crystal statue
  5209 | D:10     | Reached XP level 11. HP: 100/100 MP: 7/7
  5649 | D:10     | Noticed a two-headed ogre
  5663 | D:10     | Killed a two-headed ogre
  5923 | D:11     | Reached *** piety under Makhleb
  5988 | D:11     | Found a staircase to the Orcish Mines.
  6339 | D:11     | Found Joteosip's Magic Scroll Shoppe.
  6343 | D:11     | Bought a scroll of brand weapon for 240 gold pieces
  6344 | D:11     | Bought a scroll of enchant armour for 90 gold pieces
  6457 | D:12     | Found a shimmering altar of Xom.
  6519 | D:12     | Noticed a two-headed ogre
  6529 | D:12     | Killed a two-headed ogre
  6534 | D:12     | Reached skill level 10 in Invocations
  6642 | Lair:1   | Entered Level 1 of the Lair of Beasts
  6871 | Lair:1   | Reached **** piety under Makhleb
  6905 | Lair:2   | Reached XP level 12. HP: 110/110 MP: 9/9
  7813 | Lair:3   | Found a hole to the Spider Nest.
  7831 | Lair:3   | Reached skill level 10 in Armour
  8022 | Lair:3   | Reached skill level 10 in Shields
  8026 | Lair:3   | Found a runed translucent gate.
  8026 | Lair:3   | Found a runed translucent gate.
  8026 | Lair:3   | Found a runed translucent gate.
  8027 | Lair:3   | Noticed a death ooze
  8029 | Lair:3   | Noticed donkeybrains's ghost (journeyman MiFi)
  8227 | Lair:3   | Found a viscous altar of Jiyva.
  8235 | Lair:3   | Killed a death ooze
  8276 | Lair:3   | Killed donkeybrains's ghost
  8335 | Lair:4   | Found a staircase to the Swamp.
  8345 | Lair:4   | Reached ***** piety under Makhleb
  8421 | Lair:4   | Reached XP level 13. HP: 118/118 MP: 10/10
  8891 | Swamp:1  | Entered Level 1 of the Swamp
  9494 | Swamp:4  | Entered Level 4 of the Swamp
  9766 | Swamp:4  | Gained mutation: You resist negative energy. (rN+) [Deep
                  | Dwarf growth]
  9766 | Swamp:4  | Reached XP level 14. HP: 115/129 MP: 10/10
  9821 | Swamp:4  | Noticed a thorn hunter
  9851 | Swamp:4  | Killed a thorn hunter
  9887 | Swamp:4  | Reached ****** piety under Makhleb
 10015 | Swamp:4  | Reached skill level 15 in Axes
 10015 | Swamp:4  | Reached skill level 15 in Invocations
 10047 | Swamp:4  | Reached skill level 10 in Fighting
 10085 | Swamp:4  | Got a decaying rune of Zot
 10341 | Orc:1    | Entered Level 1 of the Orcish Mines
 10541 | Orc:2    | Entered Level 2 of the Orcish Mines
 10541 | Orc:2    | Found a staircase to the Elven Halls.
 10541 | Orc:2    | Noticed an orc warlord
 10568 | Orc:2    | Killed an orc warlord
 10589 | Orc:2    | Found a dark tunnel.
 10596 | Volcano  | Entered a volcano
 10615 | Volcano  | Found a bloodstained altar of Trog.
 10806 | Orc:2    | Found Jown's Distillery.
 10807 | Orc:2    | Found Jouwn's Magic Scroll Shoppe.
 10828 | Orc:2    | Reached XP level 15. HP: 121/139 MP: 7/9
 10833 | Orc:2    | Found Jeafeidgh's General Store.
 10841 | Orc:2    | Found Roghiore's Assorted Antiques.
 11006 | Orc:2    | Found Jaeguokoocw's Book Shoppe.
 11016 | Orc:2    | Bought a scroll of blinking for 112 gold pieces
 11335 | Orc:2    | Bought a scroll of teleportation for 33 gold pieces
 11335 | Orc:2    | Bought a scroll of blinking for 82 gold pieces
 11335 | Orc:2    | Bought a scroll of magic mapping for 38 gold pieces
 11335 | Orc:2    | Bought a scroll of teleportation for 33 gold pieces
 11335 | Orc:2    | Bought a scroll of summoning for 104 gold pieces
 11335 | Orc:2    | Bought a scroll of immolation for 38 gold pieces
 11494 | Spider:1 | Entered Level 1 of the Spider Nest
 11564 | Spider:1 | Noticed Jorgrun
 11580 | Spider:1 | Noticed Azrael
 11585 | Spider:1 | Killed Jorgrun
 11644 | Spider:1 | Killed Azrael
 11876 | Spider:4 | Entered Level 4 of the Spider Nest
 12286 | Spider:4 | Got a heavily runed jade ring
 12295 | Spider:4 | Reached XP level 16. HP: 137/150 MP: 10/10
 12301 | Spider:4 | Identified the ring "Quonn" {rF+ rCorr Str-5 Int+4 SInv}
                  | (You found it on level 4 of the Spider Nest)
 12503 | Spider:4 | HP: 6/150 [emperor scorpion (7)]
 12503 | Spider:4 | Slain by an emperor scorpion

Illustrated notes

Levels and vault maps discovered:
D:1:      dpeg_arrival_round_a, layout_basic
D:2:      layout_rooms, chequers_ecumenical_altar_simple, minivault_27
D:3:      layout_basic, old_standard_altar
D:4:      layout_loops_ring, nicolae_ru_awakened_eye, serial_forest,
          infiniplex_forest_diagonal, infiniplex_forest_end_3,
          infiniplex_forest_lined_1, infiniplex_forest_corner_1,
          infiniplex_forest_straight_5, infiniplex_forest_straight_1,
          minmay_shop_mayhem, hangedman_decor_slide_cut
D:5:      layout_loops_ring, fountainhead, kennysheep_okawaru_gauntlet
D:6:      layout_basic, minmay_temple_entry_enclosed_plants, serial_shops, shop,
          minmay_ruined_shrine, uniq_prince_ribbit1
D:7:      layout_gridville, old_standard_altar, xom_shifter_show,
          nicolae_gozag_cash_rules_everything_around_me, uniq_pikel
D:8:      cheibrodos_steamvent, layout_basic, grunt_lair_entry_orc_guard_hut,
          kennysheep_opposing_triangles
D:9:      layout_cross, grunt_temple_overflow_growth_and_decay,
          minmay_pinched_square
D:10:     layout_irregular_city, chequers_serial_rivers_marsh, david_greed
D:11:     layout_cave_pools, david_orc_2, serial_shops, nicolae_shop_stone
D:12:     layout_cave_pools, basic_altar, kennysheep_generic_room_12,
          uniq_kirke, uniq_urug
Temple:   nicolae_temple_elliptical
Lair:1:   layout_hall_layers
Lair:2:   layout_cave_pods
Lair:3:   layout_misc_corridors, nicolae_spider_entry_non_spiders,
          gammafunk_ghost_ooze
Lair:4:   layout_big_grid, minmay_swamp_entry_reptiles, serial_bayou,
          serial_bayou_crossing, serial_bayou_ford_a, serial_bayou_lake_a,
          serial_bayou_pond_d, serial_bayou_pond_b, serial_bayou_pond_c
Swamp:1:  layout_falls_marsh, evilmike_swamp_ruin_house_3,
          infiniplex_staircase_pool_2, uniq_frances
Swamp:2:  layout_falls_marsh, evilmike_swamp_ruin_house_2, swamp_pool3,
          uniq_nikola
Swamp:3:  layout_falls_marsh, nicolae_swamp_very_dense_foliage, swamp_pool1
Swamp:4:  swamp_basic_johnstein, layout_basic_swamp
Spider:1: layout_spider_delve, uniq_azrael, uniq_jorgrun
Spider:2: layout_chambers, drop_trap
Spider:3: lemuel_spider_zombies
Spider:4: spider_rune_water
Orc:1:    layout_caves, special_room [special_room_bee], nicolae_orc_pool_cavern
Orc:2:    st_orc_open, layout_caves, serial_shops, shop,
          nicolae_volcano_entry_hallway

Skill      XL: |  1  2  3  4  5  6  7  8  9 10 11 12 13 14 15 16 |
---------------+-------------------------------------------------+-----
Axes           | 3 4 5 6 8 9 11 12 13 14 15 16 17 | 17.0
Fighting       | 3 4 5 6 7 8 9 10 11 | 11.2
Armour         | 4 5 6 7 8 9 10 11 12 | 12.9
Shields        | 4 5 6 7 8 9 10 11 12 13 | 13.0
Invocations    | 5 8 10 12 14 16 17 | 17.8

Action                   |  1- 3 |  4- 6 |  7- 9 | 10-12 | 13-15 | 16-18 || total
-------------------------+-------+-------+-------+-------+-------+-------++-------
Melee: War axe           |    81 |    60 |       |       |       |       ||   141
       Broad axe         |       |    16 |   383 |   636 |  1040 |    97 ||  2172
Invok: Lesser Servant of |       |       |       |       |    13 |     3 ||    16
       Greater Servant o |       |       |       |       |       |     1 ||     1
 Abil: Heal Wounds       |     5 |     5 |    24 |     8 |    33 |     9 ||    84
Evoke: Wand              |       |       |     1 |       |     4 |       ||     5
  Use: Scroll            |       |       |    21 |     9 |     8 |     2 ||    40
       Potion            |       |       |       |     1 |     3 |     3 ||     7
 Stab: Distracted        |       |       |       |       |     2 |       ||     2
Armor: Scale mail        |    25 |    26 |    74 |       |       |       ||   125
       Plate armour      |       |       |   200 |   351 |    78 |       ||   629
       Swamp dragon scal |       |       |       |       |   718 |   166 ||   884
Dodge: Dodged            |    22 |    18 |   116 |   113 |   434 |    43 ||   746
Block: Kite shield       |    45 |    34 |   363 |   628 |  1312 |   147 ||  2529
       Reflection        |       |       |     6 |     7 |    17 |       ||    30

Table legend: (Time is in decaauts)
 A = Elapsed time spent in this place.
 B = Non-inter-level travel time spent in this place.
 C = Inter-level travel time spent in this place.
 D = Time resting spent in this place.
 E = Time spent auto-exploring this place.
 F = Levels seen in this place.
 G = Mean time per level.
                   A        B        C        D        E       F      G
               +--------+--------+--------+--------+--------+-----+--------+
         Total |  12633 |  11424 |   1209 |    200 |   7281 |  28 |  451.2 |
       Dungeon |   6784 |   6127 |    657 |      0 |   4353 |  12 |  565.3 |
        Temple |    175 |    137 |     38 |      0 |    136 |   1 |  175.0 |
          Lair |   2402 |   2093 |    309 |      0 |   1535 |   4 |  600.5 |
         Swamp |   1319 |   1173 |    146 |    200 |    282 |   4 |  329.8 |
   Spider Nest |    954 |    937 |     17 |      0 |    379 |   4 |  238.5 |
  Orcish Mines |    846 |    807 |     39 |      0 |    561 |   2 |  423.0 |
       Volcano |    150 |    150 |      0 |      0 |     34 |   1 |  150.0 |
               +--------+--------+--------+--------+--------+-----+--------+

Top non-repeatable levels by time:
     D:8: 1134 daAuts
  Lair:2: 887 daAuts
    D:10: 835 daAuts
     D:4: 829 daAuts
     D:7: 769 daAuts
     D:6: 736 daAuts
    D:11: 682 daAuts
     D:5: 675 daAuts
 Swamp:3: 668 daAuts
   Orc:2: 648 daAuts
  Lair:3: 630 daAuts
Spider:4: 591 daAuts
  Lair:4: 574 daAuts
     D:9: 497 daAuts
 Swamp:4: 407 daAuts
